Map: Inside and Out

Players

Scarlett - Winner!

  • Race: Zerg Zerg
  • Spawn Location: 1:00

Geralt (Gerald)

  • Race: Protoss Protoss
  • League: Master
  • Spawn Location: 7:00

Event: HomeStory Cup XXII

VOD

Have the link to the VOD?

Description

Time

  • Played on: Dec. 17, 2022, 8:35 a.m.
  • Length: 8:02

All games in this series

Show
View Real Time Build Order
Export as new Build Order

Scarlett Zerg - Winner!

Build Orders: Hatch First 

Get SALT Encoding   

  12  0:00  Drone  
  13  0:12  Overlord  
  13  0:17  Drone  
  14  0:30  Drone x2  
  16  0:42  Drone  
  17  0:52  Hatchery  
  17  0:54  Drone  
  17  0:58  Drone  
  18  1:04  Extractor  
  17  1:13  Spawning Pool  
  17  1:16  Drone  
  17  1:19  Drone  
  18  1:29  Drone  
  19  1:40  Overlord  
  19  1:50  Drone  
  20  1:59  Queen  
  20  2:00  Zergling x2  
  23  2:05  Queen  
  23  2:06  Drone  
  23  2:07  Metabolic Boost  
  26  2:11  Zergling x2  
  27  2:15  Drone  
  27  2:21  Drone  
  29  2:26  Drone  
  30  2:35  Drone  
  31  2:38  Drone  
  31  2:42  Hatchery  
  31  2:48  Queen  
  33  2:52  Overlord  
  33  2:56  Zergling x2  
  34  2:59  Zergling x2  
  34  3:04  Drone  
  36  3:11  Zergling x2  
  36  3:12  Zergling x2  
  38  3:14  Drone x2  
  38  3:16  Drone x2, Overlord  
  42  3:22  Queen  
  44  3:27  Overlord  
  44  3:35  Drone x2  
  44  3:36  Drone x2  
  44  3:40  Drone  
  49  3:50  Queen  
  50  3:59  Drone x5  
  54  4:05  Queen  
  54  4:09  Drone x5  
  61  4:12  Spore Crawler  
  61  4:16  Overlord  
  60  4:22  Drone x4  
  64  4:24  Spore Crawler  
  64  4:25  Drone  
  64  4:28  Evolution Chamber  
  63  4:31  Overlord  
  63  4:35  Drone x3  
  65  4:40  Drone x3  
  65  4:44  Overlord  
  65  4:45  Drone x2  
  70  4:50  Drone x4  
  74  4:56  Queen  
  74  4:58  Zerg Melee Weapons Level 1  
  73  5:10  Drone x10  
  73  5:12  Spore Crawler  
  82  5:18  Zergling x10  
  85  5:21  Lair  
  85  5:26  Zergling x6  
  85  5:27  Baneling Nest  
  85  5:29  Extractor  
  85  5:30  Extractor  
  85  5:33  Hatchery  
  82  5:41  Overlord  
  82  5:42  Zergling x14  
  89  5:49  Hatchery  
  88  5:52  Zergling x2  
  89  5:59  Queen, Pneumatized Carapace  
  89  6:01  Overlord  
  89  6:02  Zergling x6  
  94  6:08  Zergling x6  
  94  6:10  Overlord x2  
  97  6:16  Overlord x2  
  97  6:22  Queen  
  97  6:23  Zergling x12  
  97  6:24  Centrifugal Hooks  
  105  6:33  Zergling x8  
  105  6:39  Zergling x10  
  114  6:52  Zergling x14  
  121  6:55  Baneling x2  
  121  6:56  Baneling x9  
  121  6:59  Queen  
  122  7:06  Zergling x14  
  127  7:11  Queen x2  
  126  7:17  Zergling x18  
  128  7:25  Zergling x6  
  128  7:28  Zergling x10  
  129  7:33  Zergling x12  
  129  7:36  Zergling x4  
  133  7:38  Zergling x2  
Show
View Real Time Build Order
Export as new Build Order

Geralt Protoss 

Build Orders: 1 Gate Expand, Oracle Opening 

Get SALT Encoding   

  12  0:00  Probe  
  13  0:12  Probe  
  14  0:19  Pylon  
  14  0:24  Probe (Chrono Boost)  
  15  0:38  Probe (Chrono Boost), Gateway  
  16  0:45  Probe (Chrono Boost)  
  16  0:49  Assimilator  
  17  0:52  Probe  
  18  1:05  Probe  
  19  1:17  Probe  
  20  1:24  Nexus  
  20  1:31  Probe  
  21  1:40  Cybernetics Core  
  21  1:43  Probe  
  22  1:48  Assimilator  
  22  1:54  Pylon  
  22  1:55  Probe  
  23  2:12  Probe  
  23  2:14  Adept (Chrono Boost)  
  26  2:23  Stargate  
  26  2:24  Probe  
  27  2:34  Pylon  
  27  2:35  Adept (Chrono Boost)  
  27  2:36  Probe  
  28  2:38  Warp Gate  
  28  2:39  Probe  
  31  2:48  Probe  
  32  2:51  Probe  
  32  2:57  Stalker  
  35  3:00  Probe  
  35  3:03  Probe  
  37  3:11  Oracle (Chrono Boost)  
  37  3:12  Probe  
  38  3:15  Probe  
  42  3:23  Pylon  
  42  3:24  Probe  
  42  3:26  Gateway  
  43  3:27  Probe  
  44  3:41  Nexus  
  44  3:46  Oracle (Chrono Boost)  
  44  3:59  Probe  
  44  4:02  Probe  
  44  4:11  Probe  
  44  4:13  Pylon  
  44  4:14  Probe  
  44  4:15  Assimilator  
  46  4:18  Assimilator  
  46  4:23  Probe, Pylon  
  46  4:26  Adept x2, Probe  
  51  4:35  Probe  
  52  4:39  Probe  
  52  4:40  Nexus  
  52  4:42  Phoenix, Pylon  
  55  4:47  Probe  
  55  4:51  Probe, Stargate  
  57  4:59  Probe  
  58  5:02  Stargate  
  58  5:03  Probe  
  58  5:05  Zealot  
  60  5:09  Adept  
  60  5:11  Probe  
  60  5:12  Phoenix, Pylon  
  65  5:15  Probe  
  66  5:24  Probe  
  66  5:27  Probe  
  68  5:29  Adept  
  68  5:30  Adept  
  68  5:32  Pylon  
  72  5:36  Probe  
  72  5:37  Phoenix x2 (Chrono Boost)  
  72  5:39  Probe  
  72  5:41  Pylon  
  78  5:48  Probe  
  79  5:51  Probe  
  79  5:53  Phoenix (Chrono Boost)  
  79  5:55  Phoenix (Chrono Boost)  
  84  6:00  Shield Battery, Probe  
  84  6:01  Probe  
  86  6:04  Probe  
  86  6:08  Pylon  
  86  6:10  Phoenix (Chrono Boost)  
  86  6:11  Pylon  
  89  6:12  Probe  
  89  6:16  Probe  
  89  6:17  Probe  
  92  6:23  Phoenix (Chrono Boost)  
  92  6:25  Phoenix (Chrono Boost)  
  96  6:30  Probe  
  96  6:32  Probe  
  98  6:33  Phoenix  
  98  6:34  Probe  
  101  6:42  Probe  
  101  6:44  Probe  
  101  6:46  Probe  
  101  6:55  Adept x2, Probe  
  101  6:58  Gateway  
  101  7:00  Gateway  
  106  7:01  Probe  
  106  7:02  Gateway  
  106  7:04  Gateway  
  106  7:06  Cybernetics Core  
  99  7:10  Gateway  
  99  7:12  Gateway  
  91  7:16  Sentry  
  91  7:17  Adept  
  93  7:28  Void Ray x2 (Chrono Boost)  
  87  7:30  Probe  
  73  7:38  Probe  
  73  7:40  Probe  
Tags
 
Add a new tag
Caveats
  • Supply blocks, unpowered buildings, or Contaminate may cause inaccurate times.
  • Supply counts are checked every 10 seconds.